[Event "Titled Tuesday Blitz April 25 Early 2023"]
[White "Yeritsyan, Hayk"]
[Black "Itkis, Boris"]
[WhiteFideId "13307320"]
[BlackFideId "1209167"]
[WhiteElo "2466"]
[BlackElo "2216"]
[Result "1/2-1/2"]
[Round "08"]
[TimeControl "180+2"]
[Date "2023.04.25"]
[WhiteClock "0:00:32"]
[BlackClock "0:00:06"]

1. d4 Nf6 2. Nf3 e6 3. e3 d5 4. Bd3 c5 5. c3 Nc6 6. Nbd2 Bd6 7. Qe2 O-O 8. O-O e5 9. dxc5 Bxc5 10. e4 d4 11. Nb3 Bb6 12. cxd4 Nxd4 13. Nfxd4 exd4 14. Bg5 h6 15. Bh4 Re8 16. e5 Qd5 17. Rfe1 Nd7 18. f4 Nc5 19. Nxc5 Qxc5 20. Rac1 Qa5 21. a3 g6 22. Bf6 Bd8 23. Bxd8 Qxd8 24. Qc2 Qb6 25. b4 Bd7 26. Qc7 Bc6 27. Qd6 Qd8 28. Qxd8 Raxd8 29. b5 Bd5 30. Rc7 Kf8 31. Rec1 Re7 32. a4 Ke8 33. a5 Rxc7 34. Rxc7 Rd7 35. Rc8+ Rd8 36. Rc5 b6 37. Rc7 Rd7 38. Rc8+ Rd8 39. Rxd8+ Kxd8 40. axb6 axb6 41. Kf2 Ke7 42. g3 g5 43. Be2 f6 44. Bf3 Bc4 45. exf6+ Kxf6 46. fxg5+ hxg5 47. Be2 d3 48. Bf1 d2 49. Be2 Bxb5 50. Bd1 Bc6 51. Ke3 b5 52. Kxd2 Ke5 53. Ke3 b4 54. Bb3 Bd5 55. Bc2 Be6 56. h4 gxh4 57. gxh4 Bf5 58. Bb3 Be6 59. Ba4 Kf6 60. Kf4 Kg7 61. Kg5 b3 62. h5 b2 63. h6+ Kh8 64. Bc2 Ba2 65. Kf6 b1=Q 66. Bxb1 Bxb1 67. h7 Kxh7 1/2-1/2


[Site "https://www.chess.com"]

[Event "Titled Tuesday Blitz April 25 Early 2023"]
[White "Namitbir Singh Walia"]
[Black "Mogirzan, Matei-Valeriu"]
[WhiteFideId "35071068"]
[BlackFideId "1257455"]
[WhiteElo "2239"]
[BlackElo "1733"]
[Result "1-0"]
[Round "08"]
[TimeControl "180+2"]
[Date "2023.04.25"]
[WhiteClock "0:00:18"]
[BlackClock "0:00:02"]

1. e4 e5 2. Nf3 Nf6 3. Nxe5 Nc6 4. Nxc6 dxc6 5. d3 Bc5 6. h3 Bxf2+ 7. Kxf2 Nxe4+ 8. Kf3 O-O 9. Qe1 Qf6+ 10. Ke2 Re8 11. dxe4 Rxe4+ 12. Be3 Bg4+ 13. hxg4 Rxe3+ 14. Kxe3 Re8+ 15. Kd2 Qf4+ 16. Kd1 Rxe1+ 17. Kxe1 Qc1+ 18. Kf2 Qxb2 19. Bd3 Qxa1 20. Bxh7+ Kf8 21. Bd3 a5 22. g5 Qxa2 23. Nc3 Qb2 24. Ne2 Qe5 25. g6 fxg6 26. g3 Ke7 27. Nf4 Qc5+ 28. Kf3 g5 29. Re1+ Kf7 30. Bg6+ 1-0


[Site "https://www.chess.com"]

[Event "Titled Tuesday Blitz April 25 Early 2023"]
[White "Ardila, Oscar Humberto"]
[Black "Jovic, Stanoje"]
[WhiteFideId "4404742"]
[BlackFideId "905020"]
[WhiteElo "1918"]
[BlackElo "2236"]
[Result "0-1"]
[Round "08"]
[TimeControl "180+2"]
[Date "2023.04.25"]
[WhiteClock "0:00:14"]
[BlackClock "0:00:09"]

1. d4 Nf6 2. c4 e6 3. Nc3 Bb4 4. Bd2 O-O 5. Nf3 b6 6. e3 Bb7 7. Be2 Bxc3 8. Bxc3 Ne4 9. Bb4 c5 10. dxc5 bxc5 11. Bd2 d5 12. O-O Nc6 13. Rc1 d4 14. exd4 cxd4 15. Bf4 Qf6 16. Bg3 Rfd8 17. Bd3 Nxg3 18. hxg3 Ne5 19. Nxe5 Qxe5 20. Re1 Qc5 21. Qd2 a5 22. f4 g6 23. Re5 Qb4 24. Qf2 Bc6 25. g4 Rab8 26. Rc2 a4 27. f5 exf5 28. gxf5 Qd6 29. Rce2 Rxb2 30. fxg6 hxg6 31. Rxb2 Qxe5 32. Re2 Qg5 33. Re1 a3 34. Rf1 Rd7 35. Re1 Rb7 36. c5 Rb2 37. Re2 Rxe2 38. Qxe2 Qxc5 39. Qg4 Qc1+ 40. Kh2 Qe3 41. Bxg6 Qe5+ 42. Kg1 Kf8 43. Qc8+ Be8 44. Bd3 Qe3+ 45. Kh2 Qxd3 46. Qc5+ Kg7 47. Qe5+ f6 48. Qe7+ Bf7 49. Qd6 Qe3 50. Kh1 d3 0-1


[Site "https://www.chess.com"]

[Event "Titled Tuesday Blitz April 25 Early 2023"]
[White "sebastianmarinp"]
[Black "Heinemann, Josefine"]
[BlackFideId "12900460"]
[WhiteElo "2317"]
[BlackElo "2342"]
[Result "1-0"]
[Round "08"]
[TimeControl "180+2"]
[Date "2023.04.25"]
[WhiteClock "0:00:03"]
[BlackClock "0:00:15"]

1. e4 c6 2. d4 d5 3. e5 Bf5 4. Nf3 e6 5. Be2 Nd7 6. O-O Ne7 7. Nbd2 h6 8. Nb3 Bh7 9. a4 Nf5 10. a5 a6 11. c4 Be7 12. Bd3 O-O 13. Qc2 dxc4 14. Qxc4 Rc8 15. Bd2 Qc7 16. Bb4 Bxb4 17. Qxb4 c5 18. dxc5 Nxc5 19. Bxf5 Bxf5 20. Rac1 Nd3 21. Rxc7 Nxb4 22. Rxb7 Rb8 23. Rxb8 Rxb8 24. Nfd4 Nd3 25. Nxf5 Rxb3 26. Ne7+ Kf8 27. Nc6 Rxb2 28. h3 g5 29. Rd1 Nxf2 30. Rd8+ Kg7 31. Ra8 Ne4 32. Rxa6 Rb1+ 33. Kh2 h5 34. Rb6 Ra1 35. Rb4 Nd2 36. Rd4 Nf1+ 37. Kg1 Nd2+ 38. Kf2 Nb3 39. Rd7 Nxa5 40. Nd8 Ra2+ 41. Kg3 Ra3+ 42. Kh2 Nc4 43. Nxe6+ Kg6 44. Nf8+ Kf5 45. Rxf7+ Kxe5 46. Ng6+ Ke6 47. Rf3 Rxf3 48. gxf3 Kf5 49. Ne7+ Kf4 50. Kg2 Ne3+ 51. Kf2 Nf5 52. Ng6# 1-0


[Site "https://www.chess.com"]

[Event "Titled Tuesday Blitz April 25 Early 2023"]
[White "Jaskolka, Tomasz"]
[Black "Bashkansky, Ethan"]
[WhiteFideId "1170791"]
[BlackFideId "2071533"]
[WhiteElo "2155"]
[BlackElo "2313"]
[Result "1-0"]
[Round "08"]
[TimeControl "180+2"]
[Date "2023.04.25"]
[WhiteClock "0:00:06"]
[BlackClock "0:00:01"]

1. d4 f5 2. Bg5 g6 3. Nc3 d5 4. e4 dxe4 5. f3 Nc6 6. d5 Ne5 7. fxe4 Bg7 8. Nf3 Nxf3+ 9. Qxf3 fxe4 10. Nxe4 Qxd5 11. Rd1 Qa5+ 12. c3 Bf5 13. Bc4 Qe5 14. Rd4 c5 15. Bf4 cxd4 16. Bxe5 Bxe5 17. Bb5+ Kd8 18. O-O a6 19. Ba4 Kc7 20. Nc5 Rb8 21. Qd5 Bd6 22. Rxf5 gxf5 23. Ne6+ Kb6 24. Qxd4+ Ka5 25. Bc2 Nf6 26. b4+ Kb5 27. a4+ Kc6 28. Qc4+ Kd7 29. Bxf5 Rbc8 30. Nc5+ Ke8 31. Bxc8 e5 32. Qe6+ Be7 33. Bd7+ Kf8 34. Qxe5 b6 35. Ne6+ Kf7 36. Ng5+ Kg6 37. Qxe7 Kxg5 38. Qe5+ Kg6 39. Bf5+ Kg5 40. Bd3+ Kh6 41. Qxf6+ Kh5 42. g4+ Kxg4 43. Be2+ Kh3 44. Qf3+ Kh4 45. Qg4# 1-0


[Site "https://www.chess.com"]

[Event "Titled Tuesday Blitz April 25 Early 2023"]
[White "Grossboss19"]
[Black "Balla, Tamas-Kristof"]
[BlackFideId "1208497"]
[WhiteElo "2308"]
[BlackElo "2334"]
[Result "0-1"]
[Round "08"]
[TimeControl "180+2"]
[Date "2023.04.25"]
[WhiteClock "0:00:09"]
[BlackClock "0:00:14"]

1. e4 c5 2. d3 Nc6 3. Nf3 g6 4. g3 Bg7 5. Bg2 e6 6. O-O Nge7 7. c3 O-O 8. Re1 d6 9. Be3 Rb8 10. a4 a6 11. Nbd2 b5 12. axb5 axb5 13. h4 b4 14. Rc1 bxc3 15. bxc3 h5 16. d4 cxd4 17. cxd4 Nb4 18. Nc4 Ba6 19. Bf4 d5 20. exd5 exd5 21. Bd6 Rb7 22. Bxe7 Rxe7 23. Nce5 Bxe5 24. Nxe5 Qd6 25. Qd2 Rfe8 26. Qh6 Nd3 27. Nxd3 Bxd3 28. Rxe7 Qxe7 29. Bxd5 Qd6 30. Bb3 Qxd4 31. Qd2 Qe4 32. Rd1 Be2 33. Re1 Qf3 34. Qd5 Qxd5 35. Bxd5 Bb5 36. Rxe8+ Bxe8 37. f4 Kg7 38. Kf2 Bd7 39. Ke3 Kf6 40. Be4 Bf5 41. Kd4 Be6 42. Kc5 Bf5 43. Kd5 Bxe4+ 44. Kxe4 Ke6 45. Kd4 Kf5 46. Ke3 Kg4 47. Kf2 Kh3 48. Kf3 f5 49. Kf2 Kh2 50. Kf3 Kg1 51. Ke3 Kg2 52. Kd4 Kxg3 53. Ke5 Kxh4 54. Kf6 Kg4 55. Kxg6 Kxf4 56. Kxh5 Ke3 57. Kh4 f4 0-1


[Site "https://www.chess.com"]

[Event "Titled Tuesday Blitz April 25 Early 2023"]
[White "Vivas Zamora, Fabian Ernesto"]
[Black "Schut, Han"]
[WhiteFideId "3902480"]
[BlackFideId "1005561"]
[WhiteElo "2262"]
[BlackElo "2024"]
[Result "1-0"]
[Round "08"]
[TimeControl "180+2"]
[Date "2023.04.25"]
[WhiteClock "0:01:48"]
[BlackClock "0:01:50"]

1. e4 c5 2. Nc3 Nc6 3. Bb5 Nd4 4. Nf3 Nxb5 5. Nxb5 g6 6. d4 Qa5+ 7. Nc3 Bg7 8. e5 cxd4 9. Qxd4 d6 10. Bf4 Bg4 11. Qd5 Bxf3 12. Qxa5 1-0


[Site "https://www.chess.com"]

[Event "Titled Tuesday Blitz April 25 Early 2023"]
[White "Fan_Of_Chucky"]
[Black "Mazurkiewicz, Michal"]
[BlackFideId "1124943"]
[WhiteElo "2428"]
[BlackElo "2054"]
[Result "0-1"]
[Round "08"]
[TimeControl "180+2"]
[Date "2023.04.25"]
[WhiteClock "0:00:04"]
[BlackClock "0:01:37"]

1. d4 Nf6 2. c4 e5 3. dxe5 Ng4 4. Nf3 Bc5 5. e3 Nc6 6. Nc3 O-O 7. Be2 Re8 8. O-O a5 9. h3 Ngxe5 10. Nxe5 Nxe5 11. f4 Nc6 12. Nd5 Nb4 13. f5 f6 14. Nxb4 Bxb4 15. e4 Qe7 16. Bf3 d6 17. Bf4 Bd7 18. Kh1 Bc6 19. a3 Bc5 20. Re1 a4 21. Qc2 Qf7 22. Re2 Re7 23. Rae1 Rae8 24. g4 Bd4 25. Kg2 Be5 26. Be3 b6 27. h4 g6 28. g5 gxf5 29. gxf6 Qxf6 30. Rg1 Rg7+ 31. Kf1 Rxg1+ 32. Bxg1 fxe4 33. Rg2+ Kh8 0-1


[Site "https://www.chess.com"]

[Event "Titled Tuesday Blitz April 25 Early 2023"]
[White "Ramirez, Maria Eugenia"]
[Black "Kielinkei"]
[WhiteFideId "3301680"]
[WhiteElo "1842"]
[BlackElo "2427"]
[Result "1-0"]
[Round "08"]
[TimeControl "180+2"]
[Date "2023.04.25"]
[WhiteClock "0:00:49"]
[BlackClock "0:00:01"]

1. e4 c5 2. c3 Nf6 3. e5 Nd5 4. g3 d6 5. exd6 e6 6. Bg2 Bxd6 7. Nf3 O-O 8. O-O Nc6 9. Na3 b6 10. c4 Nde7 11. Nb5 Bb8 12. d4 a6 13. Nc3 cxd4 14. Nxd4 Bb7 15. Be3 Qc8 16. Qe2 Nxd4 17. Bxd4 Bxg2 18. Kxg2 Nf5 19. Rfd1 Nxd4 20. Rxd4 Qc6+ 21. Qf3 Qxf3+ 22. Kxf3 Be5 23. Rd3 Bxc3 24. Rxc3 Rfd8 25. Rac1 Rd2 26. R1c2 Rad8 27. Ke3 Rd1 28. b4 R8d6 29. c5 bxc5 30. Rxc5 g6 31. Rc6 Kf8 32. Rxd6 Rxd6 33. Rc7 Kg7 34. a4 Rb6 35. Rc4 e5 36. Ke4 Kf6 37. Kd5 Rb8 38. Rc6+ Kf5 39. Kc5 Rd8 40. Rxa6 Rd2 41. Ra7 f6 42. f3 Rxh2 43. b5 Rf2 44. g4+ 1-0


[Site "https://www.chess.com"]

[Event "Titled Tuesday Blitz April 25 Early 2023"]
[White "kuanysh1981"]
[Black "Stanisz, Patryk"]
[BlackFideId "1123106"]
[WhiteElo "2425"]
[BlackElo "2069"]
[Result "1-0"]
[Round "08"]
[TimeControl "180+2"]
[Date "2023.04.25"]
[WhiteClock "0:00:30"]
[BlackClock "0:00:01"]

1. e4 c5 2. Nf3 Nc6 3. d4 cxd4 4. Nxd4 Nf6 5. Nxc6 bxc6 6. Bd3 e5 7. O-O h6 8. h3 Be7 9. b3 d5 10. Bb2 dxe4 11. Bc4 Qc7 12. Nd2 O-O 13. Qe2 Bf5 14. Rfe1 Rad8 15. Nf1 Bb4 16. Red1 Bg6 17. Ng3 Bc5 18. Kh2 Bd4 19. c3 Bb6 20. b4 Rxd1 21. Rxd1 Rd8 22. Bb3 Rxd1 23. Bxd1 Qd6 24. Bc2 c5 25. b5 c4 26. a4 Qc5 27. Kg1 e3 28. Bxg6 exf2+ 29. Kf1 fxg6 30. Ne4 Nxe4 31. Qxe4 Kh7 32. Bc1 Qd6 33. Qe2 e4 34. Be3 Qh2 35. Qxf2 Bxe3 36. Qxe3 Qe5 37. Ke2 g5 38. Qd4 Qg3 39. Qxe4+ Kh8 40. Qf3 Qe5+ 41. Kd2 Qd6+ 42. Kc2 Qa3 43. Qa8+ Kh7 44. Qe4+ Kh8 45. Qxc4 Kh7 46. Qe4+ Kh8 47. Kd3 Qc1 48. Kc4 1-0


[Site "https://www.chess.com"]

[Event "Titled Tuesday Blitz April 25 Early 2023"]
[White "Toktomushev, Teimur"]
[Black "Putri, Regita Desyari"]
[WhiteFideId "14176726"]
[BlackFideId "7109083"]
[WhiteElo "2116"]
[BlackElo "1930"]
[Result "0-1"]
[Round "08"]
[TimeControl "180+2"]
[Date "2023.04.25"]
[WhiteClock "0:00:02"]
[BlackClock "0:00:10"]

1. d4 Nf6 2. c4 e6 3. Nf3 b6 4. g3 Ba6 5. b3 Bb4+ 6. Bd2 Be7 7. Bg2 c6 8. O-O d5 9. Qc2 O-O 10. Rd1 Nbd7 11. Bc3 Bb7 12. Nbd2 Qc7 13. Rac1 Rac8 14. Qb2 Qb8 15. Ne5 Rfd8 16. e4 dxe4 17. Nxe4 Nxe4 18. Bxe4 Nxe5 19. dxe5 c5 20. Qc2 Bxe4 21. Qxe4 Qa8 22. Qg4 Qc6 23. h4 a5 24. a4 Qa8 25. h5 Rxd1+ 26. Rxd1 Rd8 27. Rd6 g6 28. h6 Bxd6 29. exd6 Rxd6 30. Qf4 Rd1+ 31. Kh2 Qh1# 0-1


[Site "https://www.chess.com"]

[Event "Titled Tuesday Blitz April 25 Early 2023"]
[White "Smith, Garrett L"]
[Black "Semenova, Alina"]
[WhiteFideId "2024829"]
[BlackFideId "24113875"]
[WhiteElo "2271"]
[BlackElo "1833"]
[Result "1-0"]
[Round "08"]
[TimeControl "180+2"]
[Date "2023.04.25"]
[WhiteClock "0:01:27"]
[BlackClock "0:00:04"]

1. e4 e5 2. Nf3 Nf6 3. d4 Nxe4 4. Bd3 d5 5. dxe5 Bf5 6. O-O Be7 7. Nd4 Bg6 8. c3 c5 9. Nf3 Nc6 10. Re1 O-O 11. Bf4 Qc8 12. h3 h5 13. Qe2 Qe6 14. Nbd2 Nxd2 15. Qxd2 Bxd3 16. Qxd3 g6 17. Rad1 Rfd8 18. Ng5 Bxg5 19. Bxg5 Rd7 20. Bf6 Kh7 21. b3 Ne7 22. Qe3 b6 23. Qg5 Ng8 24. g4 hxg4 25. hxg4 Nxf6 26. exf6 Qd6 27. Kg2 Rh8 28. Rh1+ Kg8 29. Rxh8+ Kxh8 30. Qh6+ Kg8 31. Qg7# 1-0


[Site "https://www.chess.com"]

[Event "Titled Tuesday Blitz April 25 Early 2023"]
[White "Averjanov, Alexey"]
[Black "ArrestingPieces"]
[WhiteFideId "14109867"]
[WhiteElo "2663"]
[BlackElo "2349"]
[Result "1-0"]
[Round "08"]
[TimeControl "180+2"]
[Date "2023.04.25"]
[WhiteClock "0:02:46"]
[BlackClock "0:01:47"]

1. d4 d5 2. c4 e6 3. Nf3 Nf6 4. e3 b6 5. Nbd2 Bb7 6. Bd3 Bd6 7. O-O O-O 8. Qe2 Ne4 9. b3 Nd7 10. Bb2 f5 11. cxd5 exd5 12. Ne5 Qe7 13. f4 g6 14. Ndf3 a6 15. Rac1 Nxe5 16. Nxe5 Bxe5 17. fxe5 Kg7 18. Rc2 Rac8 19. Bxa6 Bxa6 20. Qxa6 Ra8 21. Qb7 Rxa2 22. Rxc7 1-0


[Site "https://www.chess.com"]

[Event "Titled Tuesday Blitz April 25 Early 2023"]
[White "Zavortink, Matt"]
[Black "Luukkonen, Tommi"]
[WhiteFideId "2034263"]
[BlackFideId "501808"]
[WhiteElo "2466"]
[BlackElo "2296"]
[Result "1/2-1/2"]
[Round "08"]
[TimeControl "180+2"]
[Date "2023.04.25"]
[WhiteClock "0:00:04"]
[BlackClock "0:00:25"]

1. c4 Nf6 2. Nc3 g6 3. e4 d6 4. d4 Bg7 5. h3 O-O 6. Be3 Na6 7. Qd2 e5 8. d5 Nc5 9. f3 Nh5 10. Nge2 f5 11. exf5 gxf5 12. g4 fxg4 13. hxg4 Nf4 14. Nxf4 exf4 15. Bd4 Qe7+ 16. Be2 Bxg4 17. Rg1 h5 18. O-O-O Rf7 19. fxg4 f3 20. gxh5 fxe2 21. Nxe2 Kh7 22. Qc2+ Qe4 23. Bxg7 Rxg7 24. Rxg7+ Kxg7 25. Rg1+ Kh7 26. Nd4 Nd3+ 27. Kb1 Qxd4 28. Rg3 Qxb2+ 29. Qxb2 Nxb2 30. Kxb2 Rg8 31. Re3 Rg7 32. Re6 Kg8 33. h6 Rh7 34. Kb3 Kf7 35. a4 b6 36. a5 Rh8 37. axb6 axb6 38. Kb4 Ra8 39. Kb5 Ra5+ 40. Kb4 Ra1 41. Kb5 Ra5+ 1/2-1/2


[Site "https://www.chess.com"]

[Event "Titled Tuesday Blitz April 25 Early 2023"]
[White "Turzo, Attila"]
[Black "Inepton_Fermion"]
[WhiteFideId "704954"]
[WhiteElo "2465"]
[BlackElo "2336"]
[Result "1/2-1/2"]
[Round "08"]
[TimeControl "180+2"]
[Date "2023.04.25"]
[WhiteClock "0:00:19"]
[BlackClock "0:00:17"]

1. e4 g6 2. d4 Bg7 3. Nc3 d5 4. exd5 Nf6 5. Bb5+ Nbd7 6. Bg5 a6 7. Bxf6 Bxf6 8. Bxd7+ Qxd7 9. a4 b6 10. Nge2 Bb7 11. Nf4 O-O 12. O-O Bg5 13. Qf3 Bxf4 14. Qxf4 Bxd5 15. Nxd5 Qxd5 16. Qxc7 Qxd4 17. c3 Qc5 18. Qxc5 bxc5 19. b4 Rfb8 20. Rfb1 cxb4 21. cxb4 e5 22. f3 f5 23. Kf2 Kf7 24. Ke3 Ke6 25. Rb2 Rb6 26. Rab1 Rc8 27. Rb3 Rc4 28. R1b2 a5 29. bxa5 Rxb3+ 30. Rxb3 Rxa4 31. Rb6+ Kd5 32. a6 Ra2 33. Rb7 Rxg2 34. a7 Ra2 35. Rxh7 Ra3+ 36. Kf2 e4 37. fxe4+ Kxe4 38. Rg7 f4 39. Rxg6 Ra2+ 40. Kg1 Kf3 41. h4 Rxa7 42. h5 Ra1+ 43. Kh2 Ra5 44. h6 Rh5+ 45. Kg1 Rh4 46. Ra6 Kg3 47. Rg6+ Kf3 48. Ra6 Kg4 49. Kg2 f3+ 50. Kf2 Rh2+ 51. Kg1 Rh5 52. Kf2 Rh2+ 53. Kg1 Rh5 54. Rg6+ Kf5 55. Ra6 Kf4 56. Rf6+ Kg3 57. Rg6+ Kf4 58. Kf2 Rh2+ 59. Kg1 Rh5 60. Kf2 Rh2+ 61. Kf1 Ke3 62. Re6+ Kf4 63. Kg1 Rh5 64. Ra6 Kg5 65. Ra5+ Kxh6 66. Rxh5+ Kxh5 67. Kf2 Kg4 68. Kf1 Kg3 69. Kg1 Kf4 70. Kf2 Kg4 71. Kf1 Kg3 72. Kg1 Kg4 73. Kf2 Kf4 74. Kf1 Ke3 75. Ke1 Ke4 76. Kf2 Kf4 77. Kf1 Kf5 78. Kf2 Ke4 79. Kf1 Ke3 80. Ke1 f2+ 81. Kf1 Kf3 1/2-1/2


[Site "https://www.chess.com"]

[Event "Titled Tuesday Blitz April 25 Early 2023"]
[White "Yurasova, Daria"]
[Black "TigranHH"]
[WhiteFideId "34146919"]
[WhiteElo "2134"]
[BlackElo "2324"]
[Result "1-0"]
[Round "08"]
[TimeControl "180+2"]
[Date "2023.04.25"]
[WhiteClock "0:00:08"]
[BlackClock "0:00:17"]

1. d4 Nf6 2. Bg5 e6 3. e4 h6 4. Bxf6 Qxf6 5. c3 d5 6. e5 Qd8 7. Nd2 c5 8. Bd3 Nc6 9. Ne2 a6 10. O-O b5 11. f4 Qb6 12. Nf3 b4 13. Kh1 Be7 14. Bc2 a5 15. Ng3 Ba6 16. Re1 h5 17. f5 h4 18. Ne2 h3 19. g3 Rc8 20. Nf4 Kd7 21. Qd2 Rh6 22. Rad1 Bc4 23. b3 bxc3 24. Qxc3 cxd4 25. Nxd4 Bb4 26. Qe3 Ba6 27. fxe6+ fxe6 28. Nxd5 exd5 29. Bf5+ Ke8 30. Bxc8 Bxc8 31. Rf1 Nxd4 32. Rxd4 Bc5 33. Qf4 Bxd4 34. Qf8+ Kd7 35. Qxg7+ Kc6 36. Qxh6+ Kb5 37. Qd2 Bb7 38. Qd3+ Kb4 39. Rf4 Ba6 40. Qxd4+ Qxd4 41. Rxd4+ Kc5 42. Rd2 Bb7 43. Kg1 d4 44. Kf2 Be4 45. g4 Kd5 46. Kg3 Kxe5 47. Kxh3 Bf3 48. Kg3 Ke4 49. Rxd4+ Kxd4 50. Kxf3 1-0


[Site "https://www.chess.com"]

[Event "Titled Tuesday Blitz April 25 Early 2023"]
[White "Fernandez Siles, Luis"]
[Black "Chirivi C, Jenny Astrid"]
[WhiteFideId "2209420"]
[BlackFideId "4403061"]
[WhiteElo "2195"]
[BlackElo "2001"]
[Result "0-1"]
[Round "08"]
[TimeControl "180+2"]
[Date "2023.04.25"]
[WhiteClock "0:00:17"]
[BlackClock "0:01:00"]

1. e4 c5 2. Nf3 e6 3. c3 Nf6 4. e5 Nd5 5. Bc4 d6 6. d4 cxd4 7. cxd4 Be7 8. O-O O-O 9. Qe2 b6 10. Nc3 Nxc3 11. bxc3 Bb7 12. Re1 Qc7 13. Bf4 Nc6 14. Bd3 dxe5 15. Nxe5 Qc8 16. Qh5 f5 17. Nf3 Na5 18. Rac1 Bd5 19. Ng5 Bxg5 20. Bxg5 Nc4 21. Bxc4 Qxc4 22. Re3 g6 23. Qh6 Rf7 24. Rce1 Qxa2 25. h4 f4 26. Bxf4 Raf8 27. Be5 Qxf2+ 28. Kh2 Qxg2# 0-1


[Site "https://www.chess.com"]

[Event "Titled Tuesday Blitz April 25 Early 2023"]
[White "Romkachess"]
[Black "Mihajlovskij"]
[WhiteElo "2457"]
[BlackElo "2315"]
[Result "0-1"]
[Round "08"]
[TimeControl "180+2"]
[Date "2023.04.25"]
[WhiteClock "0:00:03"]
[BlackClock "0:00:49"]

1. e4 d5 2. exd5 Qxd5 3. Nc3 Qe5+ 4. Be2 Bg4 5. d4 Bxe2 6. Ngxe2 Qa5 7. O-O Nf6 8. Bf4 Nc6 9. b4 Nxb4 10. Rb1 O-O-O 11. Qc1 Nc6 12. Qb2 b6 13. Nb5 Rd7 14. c4 e6 15. Rfc1 a6 16. Bd2 Qa4 17. Nbc3 Qxc4 18. Be3 Qd3 19. Rd1 Qf5 20. Qb3 Nd5 21. Qc4 Nb8 22. Ng3 Qc2 23. Rdc1 b5 24. Rxc2 bxc4 25. Nce4 Nc6 26. Rxc4 Na5 27. Ra4 f5 28. Rxa5 fxe4 29. Rxa6 Kd8 30. Rxe6 Nb6 0-1


[Site "https://www.chess.com"]

[Event "Titled Tuesday Blitz April 25 Early 2023"]
[White "Gonzalez Zamora, Juan Carlos"]
[Black "Zaichenko, Daria"]
[WhiteFideId "3507548"]
[BlackFideId "4197453"]
[WhiteElo "2535"]
[BlackElo "2039"]
[Result "1-0"]
[Round "08"]
[TimeControl "180+2"]
[Date "2023.04.25"]
[WhiteClock "0:01:24"]
[BlackClock "0:00:01"]

1. e4 c5 2. Nf3 Nc6 3. Bb5 Nf6 4. Qe2 e6 5. O-O Be7 6. c3 Qc7 7. d4 cxd4 8. cxd4 d5 9. e5 Ne4 10. Nc3 Nxc3 11. bxc3 O-O 12. h4 f6 13. exf6 Bxf6 14. a4 Bd7 15. Ng5 Rae8 16. Bd3 h6 17. Qh5 e5 18. Qg6 hxg5 19. Qh7+ Kf7 20. Bg6+ Ke6 21. Bxe8 Bxe8 22. hxg5 Bd8 23. dxe5 g6 24. Qh3+ Rf5 25. Ba3 Na5 26. Bd6 Qc4 27. Qh8 Qc8 28. Rad1 Rxg5 29. Qh3+ Rf5 30. Rd3 Bd7 31. Rf3 Bg5 32. Rxf5 gxf5 33. Qh5 Qg8 34. Re1 Nc4 35. Rb1 1-0


[Site "https://www.chess.com"]

[Event "Titled Tuesday Blitz April 25 Early 2023"]
[White "Gurevich, Dmitry"]
[Black "Blokhin, Sofia"]
[WhiteFideId "2000407"]
[BlackFideId "4508190"]
[WhiteElo "2506"]
[BlackElo "1994"]
[Result "1-0"]
[Round "08"]
[TimeControl "180+2"]
[Date "2023.04.25"]
[WhiteClock "0:00:10"]
[BlackClock "0:00:07"]

1. d4 f5 2. Nf3 g6 3. h4 Nf6 4. h5 Rg8 5. hxg6 hxg6 6. Bg5 Bg7 7. Nc3 d6 8. e3 c6 9. Bc4 d5 10. Bb3 Be6 11. Ne2 Nbd7 12. Nf4 Bf7 13. Ne5 Bf8 14. c4 dxc4 15. Nxc4 Qc7 16. Nd3 Nd5 17. Nde5 Be6 18. Nxd7 Bxd7 19. Ne5 Be6 20. Qd2 O-O-O 21. O-O-O Kb8 22. Kb1 Ka8 23. Rc1 Qb6 24. Nd3 Bg7 25. Nc5 Bf7 26. Rh7 Qc7 27. a3 Qd6 28. Qc2 Rdf8 29. Nd3 Bf6 30. Bxf6 exf6 31. Qc5 Qxc5 32. Nxc5 Rh8 33. Rg7 Rhg8 34. Rxg8 Rxg8 35. Nd7 Be6 36. Nxf6 Nxf6 37. Bxe6 Rh8 38. f3 Rh2 39. d5 a6 40. d6 Rxg2 41. Rd1 Kb8 42. d7 Nxd7 43. Rxd7 Rf2 44. f4 Rf3 45. Rd3 Kc7 46. Kc2 Kb6 47. Kc3 Kc5 48. b4+ Kb6 49. Kd4 Rf2 50. Ke5 Rf3 51. Kf6 Rg3 52. Bf7 a5 53. Bxg6 axb4 54. axb4 Kb5 55. Bxf5 Kxb4 56. Rd4+ Kc3 57. Re4 c5 58. Re7 c4 59. Rc7 b5 60. e4 b4 61. e5 b3 62. e6 b2 63. e7 Rg8 64. Kf7 Rh8 65. e8=Q Rxe8 66. Kxe8 Kd2 67. Rxc4 1-0


[Site "https://www.chess.com"]

[Event "Titled Tuesday Blitz April 25 Early 2023"]
[White "Zhukova, Natalia"]
[Black "Prieto Aranguren, Alain"]
[WhiteFideId "14101513"]
[BlackFideId "2268906"]
[WhiteElo "2297"]
[BlackElo "2209"]
[Result "0-1"]
[Round "08"]
[TimeControl "180+2"]
[Date "2023.04.25"]
[WhiteClock "0:00:26"]
[BlackClock "0:01:31"]

1. c4 Nf6 2. Nc3 g6 3. e4 d6 4. d4 Bg7 5. f4 O-O 6. Nf3 c5 7. d5 e6 8. dxe6 fxe6 9. Bd3 Nc6 10. O-O e5 11. fxe5 dxe5 12. Nd5 Bg4 13. Qe1 Bxf3 14. Rxf3 Nxd5 15. Rxf8+ Qxf8 16. cxd5 Nd4 17. Be3 Bh6 18. Bxh6 Qxh6 19. Qg3 Qd2 20. Rf1 Rf8 21. Rxf8+ Kxf8 22. Qf2+ Qxf2+ 23. Kxf2 Ke7 24. Kg3 Kd6 25. Kg4 h6 26. h4 b5 27. b3 a5 28. Kg3 a4 29. bxa4 c4 30. Bf1 c3 31. Bd3 bxa4 32. h5 gxh5 33. Kh4 c2 34. Bxc2 Nxc2 35. Kxh5 Nb4 36. a3 Nc2 37. Kxh6 Nxa3 38. g4 Nb5 39. g5 Nc7 40. Kg7 a3 41. Kf7 a2 42. g6 a1=Q 43. g7 Qf1+ 44. Kg8 Qf6 45. Kh7 Qh4+ 46. Kg8 Ne8 47. Kf7 Nxg7 48. Kxg7 Qxe4 0-1


[Site "https://www.chess.com"]

[Event "Titled Tuesday Blitz April 25 Early 2023"]
[White "mjelcic"]
[Black "a-z30"]
[WhiteElo "2220"]
[BlackElo "2403"]
[Result "1-0"]
[Round "08"]
[TimeControl "180+2"]
[Date "2023.04.25"]
[WhiteClock "0:00:26"]
[BlackClock "0:00:03"]

1. c4 c5 2. g3 Nc6 3. Bg2 g6 4. Nc3 Bg7 5. e4 e6 6. Nge2 Nge7 7. O-O O-O 8. d3 Nd4 9. Be3 a6 10. Qd2 Rb8 11. f4 b5 12. e5 d6 13. Nxd4 cxd4 14. Bxd4 Nf5 15. Ba7 Rb7 16. Bxb7 Bxb7 17. Rae1 dxe5 18. fxe5 bxc4 19. d4 Qd7 20. Bc5 Rc8 21. Qf4 Qc6 22. Qe4 Qd7 23. Qf4 Bh6 24. Qg4 Ne3 25. Qh3 Bg5 26. g4 Nxf1 27. Kxf1 Qc6 28. Ne4 Qb5 29. Qc3 Bxe4 30. Rxe4 Qc6 31. Qf3 Qd5 32. Kg2 Rb8 33. Re2 Rb5 34. Qxd5 exd5 35. Kg3 h5 36. h4 Bd8 37. gxh5 gxh5 38. Kf4 Kg7 39. Rg2+ Kh7 40. Kf5 Bxh4 41. Rh2 Bd8 42. Rxh5+ Kg8 43. Rh2 Rb7 44. Bd6 Bc7 45. Rg2+ Kh7 46. Be7 Bb6 47. Bf6 Bxd4 48. Rh2+ Kg8 49. Rh8# 1-0


[Site "https://www.chess.com"]

[Event "Titled Tuesday Blitz April 25 Early 2023"]
[White "Kuchava, Ana"]
[Black "Orujov2008"]
[WhiteFideId "13605348"]
[WhiteElo "2001"]
[BlackElo "2402"]
[Result "1/2-1/2"]
[Round "08"]
[TimeControl "180+2"]
[Date "2023.04.25"]
[WhiteClock "0:00:06"]
[BlackClock "0:00:08"]

1. d4 Nf6 2. Nf3 d5 3. c4 e6 4. Nc3 Be7 5. Bf4 O-O 6. e3 Nbd7 7. c5 Ne4 8. Bd3 f5 9. h4 c6 10. h5 h6 11. Ne5 Nxe5 12. Bxe5 Bf6 13. Bxf6 Qxf6 14. Qf3 e5 15. O-O-O exd4 16. exd4 Nxc3 17. bxc3 b6 18. cxb6 axb6 19. Rd2 Ba6 20. Bxa6 Rxa6 21. Re1 Rfa8 22. Kb1 f4 23. Qd3 Qf7 24. Qg6 Qa7 25. Ree2 Ra3 26. Qxc6 b5 27. Qxd5+ Kh8 28. Rc2 Rb8 29. Qc5 Qf7 30. Re7 Qf8 31. Qe5 b4 32. Rb2 Rxc3 33. Rxg7 Qxg7 34. Qxb8+ Qg8 35. Qxg8+ Kxg8 36. Rxb4 Rd3 37. Kc2 Ra3 38. Rb2 Kf7 39. Kd2 Kf6 40. Rb6+ Kg5 41. Rb5+ Kh4 42. d5 Rxa2+ 43. Kd3 Rxf2 44. d6 Rxg2 45. d7 Rg8 46. Rd5 Rd8 47. Ke4 Kg4 48. Rf5 Rxd7 49. Rxf4+ Kxh5 50. Kf3 Kg5 51. Ra4 h5 52. Kg3 Rd3+ 53. Kg2 h4 54. Kh2 Re3 55. Kg2 Re2+ 56. Kh3 Re5 57. Kh2 Rf5 58. Kh3 Rf3+ 59. Kh2 Rg3 60. Rb4 Rg4 61. Rxg4+ Kxg4 62. Kg2 h3+ 63. Kh2 Kh4 64. Kh1 Kg3 65. Kg1 h2+ 66. Kh1 Kh3 1/2-1/2


[Site "https://www.chess.com"]